 Dungeon Crawl Stone Soup version 0.23.2-33-g5129a83184 (webtiles) character file.

Game seed: 17110020759288078137

242078 MalarOregon the Impaler (level 19, -27/144 HPs)
             Began as a Merfolk Skald on Aug 8, 2019.
             Was an Initiate of Gozag.
             Shot with a bolt by a yaktaur captain (37 damage)
             ... on level 2 of the Vaults on Aug 9, 2019.
             The game lasted 03:11:23 (54920 turns).

MalarOregon the Impaler (Merfolk Skald)            Turns: 54920, Time: 03:11:24

Health: -27/144    AC: 18    Str: 16    XL:     19   Next: 37%
Magic:  34/34      EV: 26    Int: 18    God:    Gozag
Gold:   8620       SH: 18    Dex: 21    Spells: 17/22 levels left

rFire    + + +     SeeInvis .   a - +7 trident "Ymaih" {pain, *Noise rElec MR+ Dex+8}
rCold    + . .     Gourm    .   f - +1 shield
rNeg     . . .     Faith    .   m - +6 scale mail {rC+}
rPois    .         Spirit   .   p - +0 helmet of a bailey {rF+ Slay+3}
rElec    +         Reflect  +   J - +0 cloak
rCorr    .         Harm     .   D - +0 pair of gloves
MR       +++..                  R - +0 pair of boots
Stlth    +.........             A - +2 amulet of reflection
HPRegen  0.34/turn              i - ring "Joafonoavu" {rF++ MP+9 Stlth+}
MPRegen  0.24/turn              l - ring of protection from magic

@: gold aura
A: change form in water, swift swim, stealthy swim, repulsion field 1, clever 1,
frail 1
}: 2/15 runes: decaying, gossamer
a: Potion Petition, Call Merchant, Bribe Branch, Renounce Religion


You were on level 2 of the Vaults.
You worshipped Gozag.
Gozag was greatly pleased with you.
You were not hungry.

You visited 7 branches of the dungeon, and saw 34 of its levels.
You also visited: Bailey and Volcano.

You collected 15034 gold pieces.
You spent 5405 gold pieces at shops.
You paid 1009 gold pieces to Gozag.

Inventory:

Hand Weapons
 a - the +7 trident "Ymaih" (weapon) {pain, *Noise rElec MR+ Dex+8}
   (You found it on level 4 of the Dungeon)

   In the hands of one skilled in necromantic magic, it inflicts extra damage on
   living creatures.
   It affects your dexterity (+8).
   It insulates you from electricity.
   It affects your resistance to hostile enchantments.
   It may make noises in combat.
 w - the +8 whip "Snakebite" {curare, rPois, !f}
   (You found it on level 3 of the Lair of Beasts)

   It poisons the flesh of those it strikes.
   It protects you from poison.
 H - the +12 rapier of Offence {pierce, rPois}
   (You found it on level 5 of the Dungeon)

   It inflicts extra damage upon your enemies.
   It protects you from poison.
Armour
 f - a +1 shield (worn)
   (You found it on level 8 of the Dungeon)
 m - a +6 scale mail of cold resistance (worn)
   (You found it on level 4 of the Dungeon)
 p - the +0 helmet of a bailey (worn) {rF+ Slay+3}
   (You found it on level 8 of the Dungeon)

   It affects your accuracy and damage with ranged weapons and melee attacks
   (+3).
   It protects you from fire.
 D - a +0 pair of gloves (worn)
   (You found it on level 10 of the Dungeon)
 J - a +0 cloak (worn)
   (You found it on level 1 of the Dungeon)
 R - a +0 pair of boots (worn)
   (You found it on level 5 of the Lair of Beasts)
Jewellery
 i - the ring "Joafonoavu" (left hand) {rF++ MP+9 Stlth+}
   (You bought it in a shop on level 13 of the Dungeon)

   [ring of magical power]

   It greatly protects you from fire.
   It affects your magic capacity (+9).
   It makes you more stealthy.
 l - a ring of protection from magic (right hand)
   (You bought it in a shop on level 13 of the Dungeon)
 r - an uncursed ring of ice
   (You took it off a hobgoblin on level 2 of the Dungeon)
 A - a +2 amulet of reflection (around neck)
   (You found it on level 4 of the Dungeon)
 I - the amulet "Ummus" {RegenMP rN+}
   (You found it on level 3 of the Swamp)

   [amulet of magic regeneration]

   It increases your magic regeneration.
   It protects you from negative energy.
Wands
 c - a wand of disintegration (17)
   (You found it on level 4 of the Swamp)
 d - a wand of iceblast (21)
   (You found it on level 4 of the Lair of Beasts)
 q - a wand of enslavement (4)
   (You found it on level 5 of the Dungeon)
 t - a wand of flame (19)
   (You took it off an orc wizard on level 6 of the Dungeon)
 u - a wand of paralysis (20)
   (You found it on level 11 of the Dungeon)
 v - a wand of digging (3)
   (You found it on level 15 of the Dungeon)
 x - a wand of acid (6)
   (You found it on level 10 of the Dungeon)
 C - a wand of clouds (4)
   (You took it off a wight on level 12 of the Dungeon)
 P - a wand of scattershot (6)
   (You found it on level 4 of the Swamp)
Scrolls
 b - 2 scrolls of fog
 k - 4 scrolls of immolation {!r}
 y - 5 scrolls of fear
 E - 2 scrolls of summoning
 G - 5 scrolls of magic mapping
 L - 8 scrolls of identify {@r1}
 Q - 18 scrolls of remove curse {@r2}
 Y - 6 scrolls of teleportation {@r4}
Potions
 g - 6 potions of curing {@q1}
 h - 2 potions of resistance
 j - 6 potions of lignification {!q}
 n - 2 potions of flight
 o - a potion of invisibility
 s - a potion of heal wounds {@q2}
 z - 9 potions of ambrosia
 F - 5 potions of magic
 M - 4 potions of brilliance
 N - a potion of agility
 O - a potion of berserk rage
 U - 4 potions of haste {@q3}
 X - 5 potions of mutation {!q}
Miscellaneous
 B - a lightning rod (4/4) {!a}
   (You found it on level 2 of the Spider Nest)
 K - a sack of spiders
 S - a phantom mirror
 V - a box of beasts
 W - a phial of floods
   (You found it on level 6 of the Lair of Beasts)
Comestibles
 e - 27 rations {!d}


   Skills:
 * Level 17.2 Fighting
 - Level 20.8 Polearms
 + Level 4.8 Armour
 * Level 18.8 Dodging
 * Level 16.8 Shields
 - Level 2.0 Spellcasting
 - Level 3.2 Charms
 - Level 10.0 Necromancy
 * Level 9.0 Evocations


You had 17 spell levels left.
You knew the following spells:

 Your Spells              Type           Power        Failure   Level  Hunger
b - Blink                 Tloc           N/A          65%         2    ###....
e - Regeneration          Chrm/Necr      ####......   12%         3    ###....

Your spell library contained the following spells:

 Spells                   Type           Power        Failure   Level  Hunger
 Animate Skeleton         Necr           N/A          1%          1    #......
 Pain                     Necr           ####         1%          1    #......
 Vampiric Draining        Necr           #####.....   3%          3    ###....
 Animate Dead             Necr           N/A          10%         4    #####..
 Infusion                 Chrm           ##..         16%         1    #......
 Song of Slaying          Chrm           ##......     24%         2    ###....
 Shroud of Golubria       Chrm/Tloc      #.........   43%         2    ###....
 Swiftness                Chrm/Air       #.......     43%         2    ###....
 Apportation              Tloc           #.....       52%         1    #......
 Corona                   Hex            #......      52%         1    #......
 Flame Tongue             Conj/Fire      #....        52%         1    #......
 Shock                    Conj/Air       #...         52%         1    #......
 Summon Butterflies       Summ           #.......     52%         1    #......
 Summon Small Mammal      Summ           #...         52%         1    #......
 Call Imp                 Summ           #.......     65%         2    ###....
 Ensorcelled Hibernation  Hex/Ice        #.....       65%         2    ###....
 Slow                     Hex            #.......     65%         2    ###....
 Throw Flame              Conj/Fire      #.....       65%         2    ###....
 Spectral Weapon          Hex/Chrm       #.......     67%         3    ###....
 Confuse                  Hex            #.......     87%         3    ###....
 Dazzling Spray           Conj/Hex       #.....       87%         3    ###....
 Gell's Gravitas          Tloc           #.........   87%         3    ###....
 Ignite Poison            Fire/Tmut/Pois #.......     87%         3    ###....
 Inner Flame              Hex/Fire       #.......     87%         3    ###....
 Lesser Beckoning         Tloc           #.........   87%         3    ###....
 Static Discharge         Conj/Air       #.......     87%         3    ###....
 Teleport Other           Tloc           #.......     87%         3    ###....
 Tukima's Dance           Hex            #.......     87%         3    ###....
 Airstrike                Air            #.........   99%         4    #####..
 Fulminant Prism          Conj/Hex       #.........   99%         4    #####..
 Passage of Golubria      Tloc           N/A          99%         4    #####..
 Alistair's Intoxication  Tmut/Pois      #.......     100%        5    ######.
 Lightning Bolt           Conj/Air       #.........   100%        5    ######.
 Metabolic Englaciation   Hex/Ice        #.........   100%        5    ######.
 Invisibility             Hex            #.......     100%        6    #######
 Malign Gateway           Summ/Tloc      #.........   100%        7    #######


Dungeon Overview and Level Annotations

Branches:
Dungeon (15/15)            Temple (1/1) D:6            Lair (6/6) D:8
  Swamp (4/4) Lair:4       Spider (4/4) Lair:3        Slime (0/5) Lair:6
    Orc (2/2) D:12            Elf (0/3) Orc:2        Vaults (2/5) D:14
 Depths (0/5) D:15
  Crypt: Vaults:2-3

Altars:
Ashenzari
Cheibriados
Dithmenos
Elyvilon
Fedhas
Gozag
Hepliaklqana
Kikubaaqudgha
Makhleb
Nemelex Xobeh
Okawaru
Qazlal
Ru
Sif Muna
Trog
Uskayaw
Vehumet
Wu Jian
Xom
Yredelemnul
Zin
The Shining One
Jiyva

Shops:
D:5 [   D:13 [[:=   Orc:1 [   Orc:2 [*?


Innate Abilities, Weirdness & Mutations

You revert to your normal form in water You are very nimble and swift while swimming.
You are very stealthy in the water. (Stealth+)
You are surrounded by a mild repulsion field. (EV +2)
Your mind is acute. (Int +2)
You are frail. (-10% HP)


Message History

You puncture the stone giant simulacrum!
The stone giant simulacrum hits you!!! The stone giant simulacrum freezes you!
You resist.
You puncture the stone giant simulacrum!
You hit the stone giant simulacrum.
The ironbrand convoker barely misses you.
Unknown command.
Aim: an ironbrand convoker, wielding a +0 dire flail and wearing a +0 ring mail (lightly wounded)
The bolt of acid hits the ironbrand convoker!
The ironbrand convoker is splashed with acid.
You block the stone giant simulacrum's attack.
The ironbrand convoker begins to recite a word of recall!
Aim: a stone giant simulacrum (heavily damaged, unusually strong)
The bolt of acid hits the stone giant simulacrum!
The stone giant simulacrum is splashed with acid.
The acid corrodes the stone giant simulacrum!
The stone giant simulacrum hits you!!!
* * * LOW HITPOINT WARNING * * *
The stone giant simulacrum freezes you!!
You resist.
* * * LOW HITPOINT WARNING * * *
Aim: a stone giant simulacrum (almost destroyed, unusually strong, covered in acid)
The bolt of acid hits the stone giant simulacrum!!
The stone giant simulacrum is splashed with acid.
The stone giant simulacrum vapourises!
Your Evocations skill increases to level 9!
You hit the ironbrand convoker but do no damage.
The ironbrand convoker writhes in agony!
The ironbrand convoker is recalled.
The orc is recalled.
The yaktaur captain is recalled.
The yaktaur captain wields an arbalest.
The yaktaur captain shoots a bolt.
You reflect the bolt off an invisible shield around you!
The bolt hits the ironbrand convoker!
The ironbrand convoker dies!
An orc comes into view. It is wielding a +0 club.
An ironbrand convoker comes into view. It is wielding a +0 morningstar.
A yaktaur captain comes into view. It is wielding a +0 arbalest.
You closely miss the orc. You impale the orc!!
You kill the orc!
Attack whom?
Aim: a yaktaur captain, wielding a +0 arbalest You reach to attack!
You puncture the yaktaur captain!
The yaktaur captain writhes in agony.
The yaktaur captain shoots a bolt.
The bolt hits you!!
* * * LOW HITPOINT WARNING * * *
The ironbrand convoker misses you.
The yaktaur captain shoots a bolt.
The bolt hits you!!!
You die...
Your body crumbles into a pile of gold.

#########
#...?...+
#..°@$..+
#...p$c.+
#.......#
#.......#
#.......#
#########


You could see a yaktaur captain and an ironbrand convoker.

Vanquished Creatures
  3 thorn hunters (Swamp:4)
  Gastronok (D:10)
  Roxanne (Spider:3)
  The ghost of vierth the Warrior, an adept MiBe of Trog (Spider:4)
  A storm dragon (D:13)
  4 ghost moths
  A vault warden (Vaults:1)
  Aizul (Spider:2)
  5 emperor scorpions
  3 very ugly things
  A stone giant (Volcano)
  An entropy weaver (Spider:3)
  3 spark wasps
  Snorg (D:10)
  Josephine (D:12)
  An ettin (D:13)
  2 yaktaur captains
  3 ogre magi
  Erolcha (D:12)
  21 hydras
  An ice dragon (Vaults:1)
  A rakshasa (D:15)
  4 ghost crabs
  2 catoblepae
  4 centaur warriors
  9 alligators
  5 shambling mangroves
  8 two-headed ogres
  18 death yaks
  2 tengu warriors (D:10)
  5 orc high priests (Orc:2)
  Nergalle (D:9)
  A deep elf knight (Vaults:1)
  An iron troll (shapeshifter) (D:15)
  A skeletal warrior (Vaults:1)
  12 swamp dragons
  An unseen horror (shapeshifter) (D:15)
  3 unseen horrors
  A spriggan druid (Swamp:4)
  2 glowing orange brains
  4 lindwurms (Lair:6)
  A harpy (shapeshifter) (Vaults:1)
  An ironbrand convoker (Vaults:1)
  19 orb spiders
  5 orc knights
  An orc sorcerer (Orc:2)
  The ghost of icedog the Charlatan, a novice GnAr of Nemelex Xobeh (D:6)
  A wolf spider zombie (D:15)
  30 wolf spiders
  5 cyclopes
  13 ugly things
  2 moths of wrath
  4 manticores
  A vault sentinel (Vaults:1)
  2 guardian serpents (shapeshifter)
  11 black mambas
  A guardian serpent (Lair:6)
  A gargoyle (Volcano)
  4 elephants
  Psyche (D:12)
  17 spiny frogs
  A rime drake (D:10)
  10 yaktaurs
  5 centaur skeletons
  2 kobold demonologists (D:12)
  8 komodo dragons
  16 demonic crawlers
  3 efreet
  A queen bee (D:6)
  3 tengu conjurers
  A polar bear (Lair:6)
  7 trolls
  32 hornets
  34 jumping spiders
  9 tyrant leeches
  7 blink frogs
  30 slime creatures
  Prince Ribbit (D:6)
  10 bog bodies
  A stone giant simulacrum (Vaults:2)
  5 hippogriffs
  9 spriggans
  26 tarantellas
  5 wraiths (D:12)
  31 yaks
  4 shadows
  52 redbacks
  16 wyverns
  3 hungry ghosts
  2 basilisks
  2 fire elementals (Volcano)
  A steam dragon (D:12)
  21 vampire mosquitoes
  3 wargs
  17 swamp worms
  19 insubstantial wisps
  An acid dragon (D:13)
  3 soldier ants
  8 porcupines
  17 water moccasins
  42 orc warriors
  11 swamp drakes
  2 ice beasts
  7 sky beasts
  5 necrophages (D:12)
  22 ogres
  A black bear (D:7)
  4 phantoms
  An eye of draining (D:15)
  An ogre (shapeshifter) (D:15)
  10 wolves
  14 centaurs
  12 crocodiles
  3 big kobolds
  A wyvern zombie (D:11)
  20 bullfrogs
  A glowing shapeshifter simulacrum (Vaults:1)
  2 earth elementals (Volcano)
  3 scorpions
  19 killer bees
  10 wights
  7 electric eels
  5 howler monkeys
  6 crimson imps
  7 bullfrog zombies
  7 centaur zombies
  A quasit (D:10)
  2 bullfrog skeletons
  47 orc priests
  4 hounds
  6 jellies
  Jessica (D:1)
  Terence (D:2)
  2 iguanas
  31 orc wizards
  Natasha (thrice) (D:3)
  2 hell rats (Lair:3)
  9 worker ants
  A killer bee zombie (D:6)
  3 mummies (D:12)
  2 hound skeletons (D:7)
  3 worker ant zombies
  24 gnolls
  15 adders
  10 river rats
  9 shadow imps
  An ooze (D:2)
  4 adder skeletons
  3 adder zombies (D:7)
  8 worms
  2 dart slugs (D:1)
  3 leopard geckos
  121 orcs
  5 giant cockroaches
  7 goblins
  16 hobgoblins
  8 jackals
  6 quokkas
  5 bats
  5 frilled lizards
  27 kobolds
  A kobold (shapeshifter) (Vaults:1)
  A leopard gecko skeleton (D:5)
  A quokka skeleton (D:4)
  5 rats
  2 fungi
  A plant (Lair:2)
1320 creatures vanquished.

Vanquished Creatures (collateral kills)
  An orb spider (Spider:3)
  A moth of wrath (Spider:4)
  A bog body (Swamp:4)
  An ogre (Orc:2)
  An orc (Orc:2)
5 creatures vanquished.

Vanquished Creatures (others)
  A spark wasp (Spider:4)
  A centaur warrior (D:13)
  2 dancing weapons (D:14)
  An alligator (Swamp:2)
  2 swamp dragons (Swamp:4)
  An ironbrand convoker (Vaults:2)
  A cyclops (D:13)
  5 yaktaurs (Vaults:1)
  3 blink frogs (Swamp:4)
  3 orc warriors
  A swamp drake (Swamp:4)
  3 centaurs
  An adder (D:12)
  4 orcs
  A hobgoblin (Bailey)
  A kobold (Bailey)
  4 briar patches (Swamp:4)
  20 fungi
  12 plants
  13 withered plants
80 creatures vanquished.

Grand Total: 1405 creatures vanquished

Notes
Turn   | Place    | Note
-------+----------+-------------------------------------------
     0 | D:1      | MalarOregon the Merfolk Skald began the quest for the Orb.
     0 | D:1      | Reached XP level 1. HP: 16/16 MP: 3/3
   210 | D:1      | Reached XP level 2. HP: 23/23 MP: 5/5
   516 | D:1      | Reached skill level 4 in Polearms
   725 | D:2      | Reached XP level 3. HP: 26/28 MP: 6/6
  1201 | D:2      | Noticed Terence
  1432 | D:2      | Killed Terence
  1432 | D:2      | Reached XP level 4. HP: 19/34 MP: 7/7
  1635 | D:2      | Reached skill level 5 in Polearms
  1672 | D:2      | Noticed Jessica
  1710 | D:1      | Killed Jessica
  2085 | D:1      | Reached XP level 5. HP: 21/41 MP: 8/8
  2967 | D:2      | Reached skill level 6 in Polearms
  3570 | D:3      | You fall through a shaft!
  3576 | D:4      | Found a basalt altar of Yredelemnul.
  3662 | D:5      | Entered Level 5 of the Dungeon
  3666 | D:5      | Noticed an ogre
  3675 | D:4      | Gained mutation: You are frail. (-10% HP) [potion of
                  | mutation]
  3675 | D:4      | Gained mutation: You are surrounded by a mild repulsion
                  | field. (EV +2) [potion of mutation]
  3675 | D:4      | Gained mutation: Your mind is acute. (Int +2) [potion of
                  | mutation]
  3903 | D:5      | Found a transporter.
  3912 | D:5      | Found Teside's Antique Armour Boutique.
  3920 | D:5      | Got an iridescent rapier
  4057 | D:4      | Reached XP level 6. HP: 15/43 MP: 9/9
  4322 | D:4      | Identified the +12 rapier of Offence {pierce, rPois} (You
                  | found it on level 5 of the Dungeon)
  4369 | D:4      | Reached skill level 7 in Polearms
  4489 | D:4      | Reached skill level 5 in Dodging
  4574 | D:3      | Reached XP level 7. HP: 38/49 MP: 10/10
  4730 | D:3      | Noticed Natasha
  4738 | D:3      | Killed Natasha
  4780 | D:3      | Reached skill level 8 in Polearms
  4953 | D:3      | Noticed Natasha
  4962 | D:3      | Killed Natasha
  5156 | D:3      | Noticed Natasha
  5159 | D:3      | Killed Natasha
  5527 | D:4      | Got a brightly glowing trident
  5655 | D:4      | Identified the +7 trident "Ymaih" {pain, *Noise rElec MR+
                  | Dex+8} (You found it on level 4 of the Dungeon)
  5661 | D:4      | Learned a level 3 spell: Regeneration
  5694 | D:5      | Reached skill level 5 in Fighting
  5694 | D:5      | Reached skill level 9 in Polearms
  5724 | D:5      | Reached XP level 8. HP: 9/55 MP: 11/11
  5758 | D:5      | Reached skill level 1 in Necromancy
  6035 | D:5      | Found a transporter.
  6304 | D:6      | Found a staircase to the Ecumenical Temple.
  6314 | Temple   | Entered the Ecumenical Temple
  6396 | Temple   | Became a worshipper of Gozag Ym Sagoz the Greedy
  6520 | D:6      | Noticed a queen bee
  6588 | D:6      | Found a transporter.
  6592 | D:6      | Found a transporter.
  6592 | D:6      | Noticed a hornet
  6592 | D:6      | Noticed icedog's ghost (novice GnAr)
  6616 | D:6      | Reached skill level 10 in Polearms
  6968 | D:6      | Found a sacrificial altar of Ru.
  7313 | D:6      | Noticed Prince Ribbit
  7328 | D:6      | Killed Prince Ribbit
  7328 | D:6      | Reached skill level 11 in Polearms
  7328 | D:6      | Reached XP level 9. HP: 18/62 MP: 12/12
  7615 | D:7      | Found a hide-covered altar of Uskayaw.
  7654 | D:7      | Found a bloodstained altar of Trog.
  7929 | D:7      | Found a shimmering altar of Xom.
  8026 | D:7      | Reached skill level 12 in Polearms
  8828 | D:8      | Noticed a death yak
  8835 | D:8      | Noticed a death yak
  8839 | D:8      | Noticed a death yak
  9129 | D:7      | Killed a death yak
  9294 | D:7      | Killed a death yak
  9294 | D:7      | Reached XP level 10. HP: 33/72 MP: 13/13
  9500 | D:8      | Killed a death yak
  9500 | D:8      | Reached skill level 10 in Dodging
  9500 | D:8      | Reached skill level 5 in Necromancy
  9908 | D:8      | Got an ancient helmet
  9919 | D:8      | Identified the cursed +0 helmet of a bailey {rF+ Slay+3}
                  | (You found it on level 8 of the Dungeon)
  9957 | D:8      | Found a staircase to the Lair.
 10231 | D:9      | Reached skill level 1 in Shields
 10661 | D:9      | Found a hazy altar of Hepliaklqana.
 10661 | D:9      | Found a glowing golden altar of the Shining One.
 10913 | D:10     | Entered Level 10 of the Dungeon
 10915 | D:10     | Noticed Nergalle
 10959 | D:9      | Killed Nergalle
 11271 | D:10     | Reached XP level 11. HP: 80/80 MP: 14/14
 11314 | D:10     | Noticed a tengu warrior
 11340 | D:10     | Killed a tengu warrior
 11579 | D:10     | Noticed Gastronok
 11595 | D:10     | Killed Gastronok
 11595 | D:10     | Reached skill level 10 in Fighting
 11776 | D:10     | Noticed a tengu warrior
 11778 | D:10     | Noticed Snorg
 11811 | D:10     | Killed Snorg
 11821 | D:10     | Killed a tengu warrior
 11824 | D:10     | Reached skill level 5 in Shields
 12336 | D:10     | Noticed Sonja
 12343 | D:10     | Noticed Sonja
 12343 | D:10     | Sonja changed into Sonja the rime drake
 12351 | D:10     | Killed Sonja the rime drake
 12387 | D:10     | Found a white marble altar of Elyvilon.
 13335 | D:11     | Noticed an eight-headed hydra
 13339 | D:11     | Killed an eight-headed hydra
 13339 | D:11     | Reached XP level 12. HP: 43/89 MP: 15/15
 14327 | D:12     | Noticed a five-headed hydra
 14346 | D:12     | Noticed Josephine
 14768 | D:5      | Bought a steaming scale mail for 270 gold pieces
 14931 | D:6      | Killed icedog's ghost
 15393 | D:12     | Killed a five-headed hydra
 15933 | D:12     | Reached XP level 13. HP: 96/96 MP: 16/16
 15975 | D:12     | Noticed Erolcha
 15988 | D:12     | Killed Erolcha
 16062 | D:12     | Found a staircase to the Orcish Mines.
 16065 | D:12     | Noticed Psyche
 16079 | D:12     | Killed Psyche
 16565 | D:12     | Killed Josephine
 16590 | D:12     | HP: 4/97 [wraith[Josephine] (4)]
 17822 | D:10     | Identified the cursed +1 scale mail of the Great Game
                  | {Int+2 SInv} (You bought it in a shop on level 5 of the
                  | Dungeon)
 17921 | Lair:1   | Entered Level 1 of the Lair of Beasts
 19979 | Lair:3   | Found a hole to the Spider Nest.
 20389 | Lair:3   | Reached skill level 15 in Dodging
 20433 | Lair:3   | Found the +8 whip "Snakebite" {curare, rPois}
 20765 | Lair:3   | Reached XP level 14. HP: 89/106 MP: 17/17
 20855 | Lair:3   | Found an opulent altar of Gozag.
 21489 | Lair:4   | Found a staircase to the Swamp.
 21591 | Lair:4   | Got a transparent scythe
 22038 | Lair:5   | Reached skill level 10 in Necromancy
 22039 | Lair:5   | Reached skill level 10 in Shields
 22712 | Lair:6   | Entered Level 6 of the Lair of Beasts
 23215 | Lair:6   | Paralysed by a hornet for 2 turns
 23866 | Lair:6   | Found a viscous altar of Jiyva.
 23866 | Lair:6   | Found a staircase to the Slime Pits.
 24457 | Lair:6   | Reached XP level 15. HP: 114/114 MP: 18/18
 24759 | Lair:6   | Identified the cursed +1 scythe of Causality {slice, rPois}
                  | (You found it on level 4 of the Lair of Beasts)
 25467 | Orc:1    | Entered Level 1 of the Orcish Mines
 25485 | Orc:1    | Reached skill level 15 in Fighting
 25711 | Orc:2    | Entered Level 2 of the Orcish Mines
 25810 | Orc:1    | Found Qookhutto's Armour Shoppe.
 25948 | Orc:1    | Found a dark tunnel.
 25958 | Volcano  | Entered a volcano
 26935 | Orc:2    | Found a staircase to the Elven Halls.
 28467 | Orc:2    | Found Totyisem's Armour Boutique.
 28467 | Orc:2    | Found Efyhat Gyqu's Magic Scroll Boutique.
 28468 | Orc:2    | Found Lomno's Assorted Antiques.
 28468 | Orc:2    | Found Duesan's Magic Scroll Shop.
 28476 | Orc:2    | Bought 2 potions of might for 248 gold pieces
 28476 | Orc:2    | Bought a scroll labeled TACI GIZAUNN for 31 gold pieces
 28476 | Orc:2    | Bought a scroll of magic mapping for 108 gold pieces
 28476 | Orc:2    | Bought a potion of mutation for 248 gold pieces
 28476 | Orc:2    | Bought a scroll of teleportation for 93 gold pieces
 28476 | Orc:2    | Bought a potion of mutation for 248 gold pieces
 28476 | Orc:2    | Bought a potion of curing for 93 gold pieces
 28476 | Orc:2    | Bought a scroll of blinking for 232 gold pieces
 28479 | Orc:2    | Bought a scroll of remove curse for 42 gold pieces
 28479 | Orc:2    | Bought a scroll of summoning for 133 gold pieces
 28479 | Orc:2    | Bought a scroll of enchant weapon for 105 gold pieces
 28479 | Orc:2    | Bought a scroll of vulnerability for 105 gold pieces
 28479 | Orc:2    | Bought a scroll of torment for 105 gold pieces
 28479 | Orc:2    | Bought a scroll of immolation for 49 gold pieces
 28479 | Orc:2    | Bought a scroll of enchant weapon for 105 gold pieces
 28479 | Orc:2    | Bought a scroll of identify for 28 gold pieces
 28479 | Orc:2    | Bought a scroll of identify for 28 gold pieces
 28479 | Orc:2    | Bought a scroll of identify for 28 gold pieces
 28479 | Orc:2    | Bought a scroll of remove curse for 42 gold pieces
 28479 | Orc:2    | Bought a scroll of identify for 28 gold pieces
 28479 | Orc:2    | Bought a scroll of magic mapping for 49 gold pieces
 29693 | D:13     | Noticed a storm dragon
 29715 | D:13     | Killed a storm dragon
 30217 | D:13     | Found Qamp's Book Emporium.
 30233 | D:13     | Bought a manual of Polearms for 1656 gold pieces
 30299 | D:13     | Found Fimaant's Jewellery Shop.
 30318 | D:13     | Bought the ring "Joafonoavu" {rF++ MP+9 Stlth+} for 756
                  | gold pieces
 30318 | D:13     | Bought an uncursed ring of protection from magic for 400
                  | gold pieces
 30368 | D:13     | Found Cihiolisch's Antique Armour Boutique.
 30393 | D:13     | Bought a shiny scale mail for 175 gold pieces
 30481 | D:13     | Found Ninan's Armour Emporium.
 30616 | D:13     | Identified the Guide on the Volcanoes and the Escort
 30657 | D:13     | Got a clouded amethyst amulet
 30734 | D:13     | Identified the amulet "Seusos" {Inacc rElec} (You found it
                  | on level 13 of the Dungeon)
 30855 | D:14     | Reached XP level 16. HP: 121/122 MP: 19/19
 30866 | D:14     | Reached skill level 13 in Polearms
 30902 | D:14     | Found a gate to the Vaults.
 30947 | D:14     | Found a flagged portal.
 30961 | Bailey   | Entered a bailey
 31391 | D:14     | Identified a scroll of acquirement
 31393 | D:14     | Got a smoking ring mail
 31394 | D:14     | Identified the +4 ring mail "Moqaly Usuc" {rCorr Int-4
                  | Stlth+} (You found it on level 14 of the Dungeon)
 31455 | D:14     | Found a shattered altar of Ashenzari.
 31526 | D:14     | Got a shimmering battleaxe
 32390 | D:15     | Entered Level 15 of the Dungeon
 32399 | D:15     | Reached skill level 14 in Polearms
 32499 | D:15     | Reached skill level 15 in Shields
 32525 | D:15     | Reached skill level 15 in Polearms
 32723 | D:15     | Reached skill level 16 in Polearms
 33452 | D:15     | Reached skill level 17 in Polearms
 33574 | D:15     | Noticed a quicksilver dragon
 33579 | D:15     | a quicksilver dragon changed into a stone giant
 33889 | D:15     | Found a staircase to the Depths.
 34268 | Spider:1 | Entered Level 1 of the Spider Nest
 34320 | Spider:1 | Reached skill level 18 in Polearms
 35318 | Spider:1 | Reached skill level 19 in Polearms
 35668 | Spider:2 | Identified the +1 robe of Tueniej {rElec rC+++ Str-2 Dex+2}
                  | (You found it on level 2 of the Spider Nest)
 35919 | Spider:2 | Reached skill level 20 in Polearms
 36268 | Spider:2 | HP: 5/122 [emperor scorpion (10)]
 37456 | Spider:3 | Reached skill level 1 in Evocations
 37500 | Spider:3 | Reached skill level 1 in Armour
 37913 | Spider:3 | Noticed Aizul
 37940 | Spider:2 | Killed Aizul
 37976 | Spider:3 | Reached XP level 17. HP: 127/127 MP: 20/20
 38285 | Spider:3 | Identified Roxanne's Almanac of Earth
 38285 | Spider:3 | Noticed Roxanne
 39228 | Spider:3 | Killed Roxanne
 39533 | Spider:4 | Entered Level 4 of the Spider Nest
 41970 | Spider:4 | Found a runed translucent door.
 41970 | Spider:4 | Noticed vierth's ghost (adept MiBe)
 42572 | Spider:4 | Killed vierth's ghost
 42577 | Spider:4 | Identified the Reference Book on Bewitchment and
                  | Intoxication
 42949 | Spider:4 | Reached skill level 5 in Evocations
 44290 | Spider:4 | Got a gossamer rune of Zot
 45089 | Swamp:1  | Entered Level 1 of the Swamp
 45115 | Lair:4   | HP: 6/129 [poison (poison gas)]
 45473 | Swamp:1  | Found a shimmering altar of Xom.
 45511 | Swamp:1  | Reached XP level 18. HP: 131/135 MP: 22/22
 49120 | Swamp:3  | Learned a level 2 spell: Blink
 49299 | Swamp:3  | Got a steaming ivory amulet
 49300 | Swamp:3  | Identified the amulet "Ummus" {RegenMP rN+} (You found it
                  | on level 3 of the Swamp)
 49715 | Swamp:4  | Entered Level 4 of the Swamp
 51174 | Swamp:4  | HP: 3/137 [shambling mangrove (11)]
 51996 | Swamp:4  | Paralysed by a hornet for 1 turns
 52005 | Swamp:3  | Reached XP level 19. HP: 37/143 MP: 25/25
 53057 | Swamp:4  | Got a decaying rune of Zot
 53578 | Vaults:1 | Entered Level 1 of the Vaults
 54920 | Vaults:2 | Shot with a bolt by a yaktaur captain

Skill      XL: |  1  2  3  4  5  6  7  8  9 10 11 12 13 14 15 16 17 18 19 |
---------------+----------------------------------------------------------+-----
Dodging        | 3 4 5 6 7 9 10 12 13 15 16 17 18 | 18.8
Polearms       | 4 5 6 7 9 11 12 20 | 20.8
Fighting       | 3 4 5 6 8 9 10 11 13 14 15 16 17 | 17.2
Necromancy     | 2 4 5 7 8 9 10 | 10.0
Shields        | 2 5 7 9 11 14 15 16 | 16.8
Evocations     | 2 5 8 9 |  9.0
Armour         | 1 3 4 |  4.8
Spellcasting   | |  2.0
Charms         | |  3.2

Action                   |  1- 3 |  4- 6 |  7- 9 | 10-12 | 13-15 | 16-18 | 19-21 || total
-------------------------+-------+-------+-------+-------+-------+-------+-------++-------
Melee: Spear             |   165 |   317 |       |       |       |       |       ||   482
       Rapier            |       |    41 |    64 |       |       |    25 |       ||   130
       Trident           |       |       |   268 |   731 |  1505 |  2089 |   249 ||  4842
       Tailslap          |       |       |       |       |     6 |    47 |       ||    53
       Whip              |       |       |       |       |       |    96 |       ||    96
 Cast: Regeneration      |       |       |       |       |     2 |     1 |       ||     3
Invok: Potion Petition   |       |       |       |     1 |     2 |     1 |       ||     4
Evoke: Wand              |       |       |       |     9 |    47 |    13 |    10 ||    79
       Phial of floods   |       |       |       |       |     1 |     1 |       ||     2
       Sack of spiders   |       |       |       |       |       |     1 |       ||     1
  Use: Potion            |       |     3 |     2 |     2 |     9 |    26 |     1 ||    43
       Scroll            |       |     2 |    13 |     6 |    27 |    16 |       ||    64
 Stab: Sleeping          |     2 |       |       |       |       |     7 |       ||     9
       Distracted        |       |       |     1 |     8 |    11 |    17 |     2 ||    39
       Petrified         |       |       |       |       |     9 |       |       ||     9
       Confused          |       |       |       |       |       |     1 |       ||     1
  Eat: Chunk             |     1 |     8 |     4 |       |       |       |       ||    13
       Ration            |       |     1 |     3 |     7 |    14 |    20 |     3 ||    48
Armor: Leather armour    |    22 |       |       |       |       |       |       ||    22
       Scale mail        |       |    99 |    52 |    85 |   157 |   338 |    10 ||   741
Dodge: Dodged            |    63 |   125 |   135 |   303 |   595 |  1157 |    66 ||  2444
Block: Other             |       |       |    18 |     2 |       |       |       ||    20
       Reflection        |       |       |     1 |    24 |    32 |    41 |    27 ||   125
       Shield            |       |       |       |   288 |   648 |  1298 |   113 ||  2347
